 Dungeon Crawl Stone Soup version 0.22-a0-181-gb22368a (webtiles) character file.

1211 Amnesiac the Digger (level 8, -1/52 HPs)
             Began as a Mummy Earth Elementalist on Feb 14, 2018.
             Killed from afar by a centaur (27 damage)
             ... with a wand of acid (7)
             ... on level 6 of the Dungeon.
             The game lasted 00:13:44 (7429 turns).

Amnesiac the Digger (Mummy Earth Elementalist)      Turns: 7429, Time: 00:13:44

Health: -1/52      AC:  3    Str: 11    XL:     8   Next: 22%
Magic:  4/15       EV: 12    Int: 17    God:
Gold:   390        SH:  0    Dex: 12    Spells: 5/17 levels left

rFire    x . .     SeeInvis .   a - +2 dagger (venom)
rCold    + . .     Gourm    .   (no shield)
rNeg     + + +     Faith    .   c - +0 robe
rPois    ∞         Spirit   .   (no helmet)
rElec    .         Reflect  .   (no cloak)
rCorr    .         Harm     .   p - +0 pair of gloves (curse)
MR       +....                  (no boots)
Stlth    ++........             (no amulet)
HPRegen  0.17/turn              (no ring)
MPRegen  0.14/turn              (no ring)

@: very slightly contaminated
A: no food or potions, fire vulnerability, cold resistance 1, negative energy
resistance 3, torment resistance, unbreathing
a: no special abilities


You were on level 6 of the Dungeon.
You were not hungry.

You visited 1 branch of the dungeon, and saw 6 of its levels.

You collected 390 gold pieces.

Inventory:

Hand Weapons
 a - a +2 dagger of venom (weapon)
 b - a +0 hunting sling
 i - a cursed -1 dagger
 m - a cursed +0 short sword
Missiles
 k - 68 stones (quivered)
 v - 16 sling bullets
 z - 24 poisoned needles
Armour
 c - a +0 robe (worn)
 j - a +0 buckler
 p - a cursed +0 pair of gloves (worn)
 E - a +0 robe of the Archmagi
Jewellery
 l - a +5 ring of evasion {unknown}
 r - an uncursed ring of fire {unknown}
 s - the ring "Noidurgh" {rC+ Str+6 Stlth+, unknown}
   (You found it on level 4 of the Dungeon)

   [ring of protection from cold]

   It affects your strength (+6).
   It protects you from cold.
   It makes you more stealthy.
 t - an uncursed amulet of the acrobat {unknown}
 u - an uncursed ring of poison resistance {unknown}
 C - an uncursed ring of magical power {unknown}
Wands
 x - a wand of polymorph (10)
 D - a wand of acid (18)
Scrolls
 e - 13 scrolls of identify {!r, unknown}
 f - 3 scrolls of noise {!r, unknown}
 g - a scroll of enchant weapon {!r, unknown}
 h - 2 scrolls of immolation {!r, unknown}
 n - 2 scrolls of teleportation {!r, unknown}
 o - 4 scrolls of remove curse {!r, unknown}
 q - 2 scrolls of enchant armour {!r, unknown}
 w - a scroll of fog {!r, unknown}
 y - a scroll of random uselessness {!r, unknown}
 B - a scroll of blinking {!r, unknown}
 F - a scroll of fear {!r, unknown}
Books
 d - a book of Geomancy

   Spells                             Type                      Level
   a - Sandblast                      Earth                        1
   b - Passwall                       Transmutation/Earth          2
   c - Stone Arrow                    Conjuration/Earth            3
   d - Petrify                        Transmutation/Earth          4
   e - Lee's Rapid Deconstruction     Earth                        5
 A - a book of Minor Magic

   Spells                             Type                      Level
   a - Magic Dart                     Conjuration                  1
   b - Blink                          Translocation                2
   c - Call Imp                       Summoning                    2
   d - Slow                           Hexes                        2
   e - Conjure Flame                  Conjuration/Fire             3
   f - Mephitic Cloud                 Conjuration/Poison/Air       3


   Skills:
 + Level 1.9 Short Blades
 - Level 1.5 Dodging
 - Level 3.0 Stealth
 + Level 5.0 Spellcasting
 * Level 5.1 Transmutations
 * Level 5.1 Earth Magic


You had 5 spell levels left.
You knew the following spells:

 Your Spells              Type           Power        Failure   Level  Hunger
a - Sandblast             Erth           ###...       1%          1    N/A
b - Passwall              Tmut/Erth      ###.......   2%          2    N/A
d - Lee's Rapid Deconstr  Erth           ###.......   43%         5    N/A
e - Petrify               Tmut/Erth      ###.....     17%         4    N/A

Dungeon Overview and Level Annotations

Branches:
Dungeon (6/15)
 Temple: D:4-7

Altars:
Gozag
Ru
Trog

Shops:
D:5 !

Annotations:
D:6 Prince Ribbit


Innate Abilities, Weirdness & Mutations

You do not eat or drink.
Your flesh is vulnerable to fire.
You are immune to poison.
Your flesh is cold resistant. (rC+)
You are immune to negative energy. (rN+++)
You are immune to unholy pain and torment.
You can survive without breathing.


Message History

An ooze is nearby!
Found a ration.
Found 12 gold pieces.
The helpless ooze fails to defend itself.
You puncture the ooze!
You kill the ooze!
No target in view!
No target in view!
Found an escape hatch in the ceiling.
You now have 390 gold pieces (gained 12).
You see here a ration.
There is an escape hatch in the ceiling here.
Found a stone staircase leading up.
k - 68 stones (gained 13)
A worker ant comes into view.
A worker ant is nearby!
Found a ration.
You hit the worker ant but do no damage.
The worker ant is poisoned.
The worker ant misses you.
You hit the worker ant but do no damage.
The worker ant looks as sick as possible!
The worker ant is lightly wounded.
The worker ant closely misses you.
The worker ant bites you but does no damage.
You kill the worker ant!
Prince Ribbit comes into view.
Found a stone staircase leading down.
Prince Ribbit is nearby!
Prince Ribbit is nearby!
Prince Ribbit is nearby!
A centaur comes into view.
Casting: Petrify (slightly dangerous; 17% risk of failure)
Confirm with . or Enter, or press ? or * to list all spells.
Aiming: Petrify (slightly dangerous; 17% risk of failure)
Press: ? - help, Shift-Dir - straight line, f - centaur
Aim: a centaur (hasn't noticed you, chance to defeat MR: 50%)
The centaur shouts!
The centaur resists with significant effort.
The centaur wields a shortbow.
The centaur shoots an arrow.
The arrow misses you.
Unknown command.
The centaur shoots an arrow.
The arrow barely misses you.
You see here a worker ant corpse.
You start resting.
Casting: Petrify (slightly dangerous; 17% risk of failure)
Confirm with . or Enter, or press ? or * to list all spells.
Aiming: Petrify (slightly dangerous; 17% risk of failure)
Press: ? - help, Shift-Dir - straight line, f/p - centaur
Aim: a centaur, wielding a shortbow (chance to defeat MR: 50%)
You miscast Petrify.
You are very lightly contaminated with residual magic.
Your skin glows momentarily.
The centaur shoots an arrow.
The arrow hits you!
The centaur shoots an arrow.
The arrow hits you!
* * * LOW HITPOINT WARNING * * *
Unknown command.
Casting: Petrify (slightly dangerous; 17% risk of failure)
Confirm with . or Enter, or press ? or * to list all spells.
Aiming: Petrify (slightly dangerous; 17% risk of failure)
Press: ? - help, Shift-Dir - straight line, f/p - centaur
Aim: a centaur, wielding a shortbow (chance to defeat MR: 50%)
The centaur is moving more slowly.
The centaur zaps a wand.
The bolt of acid hits you!
Ouch! That really hurt!
You die...

#.......# #.#
##......###.#
##.......##.###
#........##...#
#..........##.# #
#.......##....### .# #.
##.....######...###.#c..
##...## #.#.........
##### #@##........
#..#(#...... ##(c.#
..... #....# ..>. #..%.#
... #....# F. #....# .
#....# ######


You could see a centaur (petrifying).

Vanquished Creatures
  An orc warrior (D:5)
  A phantom (D:2)
  A centaur (D:6)
  3 scorpions
  A crimson imp (D:5)
  2 hounds (D:6)
  5 orc priests
  A jelly (D:3)
  4 orc wizards
  6 worker ants
  3 hound skeletons
  A howler monkey skeleton (D:4)
  9 adders
  3 oozes
  4 dart slugs
  3 leopard geckos
  19 orcs
  2 ball pythons
  6 giant cockroaches
  6 goblins
  9 hobgoblins
  8 jackals
  6 quokkas
  9 bats
  10 frilled lizards
  A jackal skeleton (D:4)
  3 kobolds
  8 rats
  A fungus (D:2)
136 creatures vanquished.

Notes
Turn   | Place    | Note
-------+----------+-------------------------------------------
     0 | D:1      | Amnesiac the Mummy Earth Elementalist began the quest for the Orb.
     0 | D:1      | Reached XP level 1. HP: 13/13 MP: 4/4
   235 | D:1      | Reached XP level 2. HP: 16/19 MP: 1/5
   239 | D:1      | Learned a level 2 spell: Passwall
   827 | D:1      | Reached skill level 1 in Transmutations
   948 | D:1      | Reached XP level 3. HP: 23/24 MP: 7/7
  1433 | D:2      | Found a bloodstained altar of Trog.
  1586 | D:2      | Found a faded altar of an unknown god.
  1587 | D:2      | Noticed a phantom
  1622 | D:2      | Killed a phantom
  1622 | D:2      | Reached XP level 4. HP: 10/30 MP: 0/8
  1853 | D:2      | Reached XP level 5. HP: 35/35 MP: 9/9
  1924 | D:2      | Reached skill level 1 in Short Blades
  3138 | D:4      | Reached XP level 6. HP: 34/41 MP: 4/11
  3148 | D:4      | Learned a level 4 spell: Petrify
  3154 | D:4      | Learned a level 5 spell: Lee's Rapid Deconstruction
  3314 | D:4      | Got a clouded brass ring
  3377 | D:4      | Found an opulent altar of Gozag.
  3951 | D:3      | Reached XP level 7. HP: 41/46 MP: 1/13
  4993 | D:4      | Found a sacrificial altar of Ru.
  5153 | D:5      | Entered Level 5 of the Dungeon
  5389 | D:5      | Found Ofautedi's Distillery.
  6950 | D:6      | Reached XP level 8. HP: 45/52 MP: 7/15
  7121 | D:5      | Reached skill level 5 in Transmutations
  7121 | D:5      | Reached skill level 5 in Earth Magic
  7218 | D:6      | Reached skill level 5 in Spellcasting
  7419 | D:6      | Noticed Prince Ribbit
  7429 | D:6      | Killed from afar by a centaur

Vault maps used:
D:1:      nzn_arrival_settlement, serial_bayou_pond_e
D:2:      lemuel_doored_altar, first_ration, chequers_ecumenical_altar_island,
          minmay_gold_behind_fungi
D:4:      old_standard_altar, grunt_gozag_statues, st_stairs_3,
          wad_floor_pattern_untrapped
D:5:      serial_shops, shop, minmay_misc_feat_chi, minivault_5
D:6:      uniq_prince_ribbit1

Skill      XL: |  1  2  3  4  5  6  7  8 |
---------------+-------------------------+-----
Earth Magic    | 3 4 5 |  5.1
Spellcasting   | 3 4 5 |  5.0
Transmutations | 1 3 4 5 |  5.1
Short Blades   | 1 |  1.9
Stealth        | 2 3 |  3.0
Dodging        | |  1.5

Action                   |  1- 3 |  4- 6 |  7- 9 || total
-------------------------+-------+-------+-------++-------
Melee: Unarmed           |    36 |       |       ||    36
       Dagger            |    24 |    88 |   142 ||   254
 Fire: Hunting sling     |    55 |   172 |    53 ||   280
 Cast: Sandblast         |    35 |    40 |    22 ||    97
       Passwall          |     2 |     1 |       ||     3
       Petrify           |       |     7 |    35 ||    42
 Stab: Sleeping          |     3 |     1 |     1 ||     5
       Petrified         |       |    15 |    56 ||    71
       Petrifying        |       |       |     2 ||     2
Armor: Robe              |    38 |    34 |    17 ||    89
Dodge: Dodged            |    82 |    81 |   105 ||   268

Table legend:
 A = Spawn XP
 B = Non-spawn XP
 C = Spawn XP percentage of total XP
 D = Spawn monster count
 E = Non-spawn monster count
 F = Spawn count percentage of total count
 G = Total turns spent on level
                    A         B        C        D         E        F      G
               +---------+---------+-------+---------+---------+-------+---------
         Total |       0 |    1730 |   0.0 |       0 |     135 |   0.0 |  7429
               +---------+---------+-------+---------+---------+-------+---------
           D:1 |       0 |      49 |   0.0 |       0 |      24 |   0.0 |  1327
           D:2 |       0 |     220 |   0.0 |       0 |      27 |   0.0 |  1060
           D:3 |       0 |     144 |   0.0 |       0 |      26 |   0.0 |  1690
           D:4 |       0 |     555 |   0.0 |       0 |      30 |   0.0 |  1106
           D:5 |       0 |     443 |   0.0 |       0 |      17 |   0.0 |  1847
           D:6 |       0 |     319 |   0.0 |       0 |      11 |   0.0 |   399
               +---------+---------+-------+---------+---------+-------+---------
